 Dungeon Crawl Stone Soup version 0.25-a0-576-g50b708a4c4 (webtiles) character file.

Game seed: 15413129594299146795, levelgen mode: deterministic

2140 ReteAZ the Carver (level 9, -4/71 HPs)
             Began as a Red Draconian Gladiator on Mar 1, 2020.
             Was a Believer of Cheibriados.
             Killed by divine providence
             ... invoked by an orc priest
              (15 damage)
             ... on level 7 of the Dungeon.
             The game lasted 00:14:23 (7969 turns).

ReteAZ the Carver (Red Draconian Gladiator)         Turns: 7969, Time: 00:14:23

Health: -4/71      AC:  8    Str: 21    XL:     9   Next: 9%
Magic:  9/9        EV: 15    Int: 15    God:    Cheibriados [**....]
Gold:   302        SH:  6    Dex: 20    Spells: 8/8 levels left

rFire    + . .     SeeInvis .   a - +0 long sword
rCold    + . .     Gourm    .   j - +0 buckler
rNeg     . . .     Faith    .   (armour unavailable)
rPois    .         Spirit   .   b - +0 hat
rElec    .         Reflect  .   (no cloak)
rCorr    .         Harm     .   f - +0 pair of gloves
MR       .....                  (no boots)
Stlth    ++........             (no amulet)
HPRegen  0.21/turn              (no ring)
MPRegen  0.11/turn              w - ring of protection from cold

@: very slow
A: breathe fire, unfitting armour, fire resistance 1, cold-blooded, AC +7
a: Breathe Fire, Bend Time, Renounce Religion


You were on level 7 of the Dungeon.
You worshipped Cheibriados.
Cheibriados was pleased with you.
You were not hungry.

You visited 2 branches of the dungeon, and saw 8 of its levels.

You collected 302 gold pieces.

Inventory:

Hand Weapons
 a - a +0 long sword (weapon)
Missiles
 c - 5 throwing nets
 u - 7 boomerangs
 y - 19 poisoned darts (quivered)
Armour
 b - a +0 hat (worn)
 f - a +0 pair of gloves (worn)
 j - a +0 buckler (worn)
 v - a +2 tower shield
Jewellery
 q - an uncursed ring of ice
 w - a ring of protection from cold (right hand)
Wands
 p - a wand of iceblast (12)
Scrolls
 h - 11 scrolls of identify {unknown}
 k - 2 scrolls of fog {unknown}
 l - 3 scrolls of magic mapping {unknown}
 o - 2 scrolls of amnesia {unknown}
 s - 2 scrolls of remove curse {unknown}
 t - 2 scrolls of noise {unknown}
 B - a scroll of teleportation {unknown}
 C - 2 scrolls of blinking {unknown}
 E - a scroll of random uselessness {unknown}
Potions
 e - 2 potions of curing
 g - a potion of might {unknown}
 i - a potion of lignification {unknown}
 m - 3 potions of berserk rage {unknown}
 n - 3 potions of flight {unknown}
 r - 2 potions of haste {unknown}
 z - 3 potions of heal wounds {unknown}
 A - 3 potions of degeneration {unknown}
 D - 2 potions of brilliance {unknown}
Comestibles
 d - 12 rations
 x - 2 chunks of flesh


   Skills:
 - Level 4.1 Fighting
 * Level 9.7 Long Blades
 - Level 1.7 Throwing
 - Level 4.0 Dodging
 + Level 5.9 Shields


You had 8 spell levels left.
You didn't know any spells.
Your spell library contained the following spells:

 Spells                   Type           Power        Failure   Level  Hunger
 Blink                    Tloc           N/A          38%         2    ###....
 Shroud of Golubria       Chrm/Tloc      #.....       38%         2    ###....
 Gell's Gravitas          Tloc           #.........   63%         3    ####...
 Lesser Beckoning         Tloc           #.........   63%         3    ####...
 Teleport Other           Tloc           #.......     63%         3    ####...
 Passage of Golubria      Tloc           N/A          95%         4    #####..


Dungeon Overview and Level Annotations

Branches:
Dungeon (7/15)             Temple (1/1) D:4

Altars:
Ashenzari
Cheibriados
Dithmenos
Elyvilon
Fedhas
Gozag
Hepliaklqana
Kikubaaqudgha
Nemelex Xobeh
Okawaru
Ru
Sif Muna
Trog
Uskayaw
Vehumet
Wu Jian
Xom
Yredelemnul

Annotations:
D:3 1 runed translucent door, 1 exclusion, Crazy Yiuf
D:4 Pikel


Innate Abilities, Weirdness & Mutations

You can breathe blasts of fire.
Your fiery red scales are hard. (AC +7)
You cannot fit into any form of body armour.
Your flesh is heat resistant. (rF+)
You are cold-blooded and may be slowed by cold attacks.


Message History

You are too injured to fight recklessly!
You are too injured to fight recklessly!
You are too injured to fight recklessly!
You are too injured to fight recklessly!
You are too injured to fight recklessly!
You are too injured to fight recklessly!
You are too injured to fight recklessly!
You are too injured to fight recklessly!
You are too injured to fight recklessly!
You block the orc warrior's attack.
The orc priest calls down the wrath of Beogh upon you.
Beogh smites you! The orc warrior closely misses you.
The orc priest mumbles some strange prayers to Beogh against you.
Beogh smites you!
The orc warrior hits you from afar with a +0 halberd!!
* * * LOW HITPOINT WARNING * * *
The orc priest mumbles some strange prayers to Beogh against you.
Beogh smites you!
You die...

..# #.# .#.# #.#.... # ..#
#..##### #.#.# ..#.#### ..#
#......# #.#.# ###.# ..#
#......#####.#.#
.###............#.###########
................#...........#
.......?..o.o...###########.#
..........o.o...# #....##.#
...:.#..#o#####@# #.##.##.#
#### #....#####.#####.##.##.#
#.#..............##.##.#
#.#..#####.#####....##.#
#o##.# #.# #.#####.# #o #..
#.# #.#####.# #o ##.# #.#
#.......# .. .. #.# #######.#
.. #.# #.# ###


You could see an orc warrior, an orc priest, an orc wizard and an orc.

Vanquished Creatures
  A hippogriff (D:7)
  4 slaves (D:4)
  An ice beast (D:6)
  A phantom (D:7)
  3 necrophages (D:6)
  3 ogres
  A crocodile (D:7)
  5 bullfrogs
  3 scorpions
  A howler monkey (D:5)
  4 crimson imps
  2 bullfrog zombies (D:6)
  3 hounds
  A bullfrog skeleton (D:4)
  An iguana (D:6)
  Jessica (D:3)
  2 worker ants
  A killer bee zombie (D:6)
  A hound zombie (D:6)
  9 gnolls
  A worker ant zombie (D:6)
  8 adders
  2 shadow imps (D:7)
  An adder zombie (D:6)
  2 worms
  5 leopard geckos
  6 orcs
  5 bats
  6 giant cockroaches
  10 goblins
  7 hobgoblins
  20 jackals
  3 kobolds
  2 quokkas
  6 frilled lizards
  A giant cockroach zombie (D:6)
  A leopard gecko skeleton (D:4)
  10 rats
  A fungus (D:3)
145 creatures vanquished.

Vanquished Creatures (others)
  A bush (D:6)
  4 plants (D:6)
5 creatures vanquished.

Grand Total: 150 creatures vanquished

Notes
Turn   | Place    | Note
-------+----------+-------------------------------------------
     0 | D:1      | ReteAZ the Draconian Gladiator began the quest for the Orb.
     0 | D:1      | Reached XP level 1. HP: 17/17 MP: 1/1
    65 | D:1      | Reached XP level 2. HP: 24/24 MP: 2/2
   209 | D:1      | Reached skill level 4 in Long Blades
   274 | D:1      | Reached XP level 3. HP: 24/29 MP: 3/3
  1370 | D:2      | Reached XP level 4. HP: 12/37 MP: 4/4
  1587 | D:2      | Found a shimmering altar of Xom.
  1891 | D:3      | Noticed Jessica
  1898 | D:3      | Killed Jessica
  1898 | D:3      | Reached skill level 1 in Shields
  2198 | D:2      | Reached XP level 5. HP: 4/44 MP: 5/5
  2539 | D:2      | Reached skill level 5 in Long Blades
  3591 | D:3      | Found a runed translucent door.
  3592 | D:3      | Noticed Crazy Yiuf
  3631 | D:4      | Noticed a slave
  3657 | D:4      | Killed a slave
  3821 | D:4      | Noticed a slave
  3822 | D:4      | Noticed a slave
  3823 | D:4      | Noticed Pikel
  3880 | D:4      | Found a staircase to the Ecumenical Temple.
  3912 | D:4      | Found a white marble altar of Elyvilon.
  3940 | D:4      | Noticed a slave
  3963 | D:4      | Killed a slave
  4230 | D:4      | Killed a slave
  4247 | D:4      | Killed a slave
  4445 | D:4      | Reached XP level 6. HP: 40/51 MP: 6/6
  4587 | D:4      | Found an opulent altar of Gozag.
  5110 | Temple   | Entered the Ecumenical Temple
  5256 | Temple   | Became a worshipper of Cheibriados the Contemplative
  5344 | D:5      | Entered Level 5 of the Dungeon
  5831 | D:5      | Found a shadowy altar of Dithmenos.
  5941 | D:5      | Reached skill level 6 in Long Blades
  6070 | D:5      | Your scales start taking on a fiery red colour.
  6070 | D:5      | Reached XP level 7. HP: 58/58 MP: 7/7
  6070 | D:5      | Gained mutation: Your flesh is heat resistant. (rF+) [Red
                  | Draconian growth]
  6416 | D:6      | Found a sparkling altar of Nemelex Xobeh.
  6557 | D:6      | Reached * piety under Cheibriados
  6671 | D:6      | Found an ornate altar of the Wu Jian Council.
  6764 | D:6      | Reached skill level 7 in Long Blades
  6833 | D:6      | Found a sacrificial altar of Ru.
  6862 | D:6      | Reached XP level 8. HP: 65/66 MP: 8/8
  7128 | D:6      | Reached skill level 8 in Long Blades
  7257 | D:6      | Found a blossoming altar of Fedhas.
  7340 | D:6      | Reached skill level 5 in Shields
  7357 | D:6      | Reached ** piety under Cheibriados
  7434 | D:7      | Noticed a hippogriff
  7445 | D:7      | Killed a hippogriff
  7445 | D:7      | Reached skill level 9 in Long Blades
  7707 | D:7      | Reached XP level 9. HP: 63/71 MP: 9/9
  7746 | D:7      | Found a radiant altar of Vehumet.
  7969 | D:7      | Killed from afar by an orc priest

Levels and vault maps discovered:
D:1:      minmay_arrival_solitary_statue, layout_loops_ring, due_unseen_surprise
D:2:      layout_loops_cross, marbit_many_paths, serial_rivers,
          chequers_serial_rivers_room_a, chequers_serial_rivers_small_3,
          chequers_serial_rivers_micro_c, chequers_serial_rivers_room_b,
          chequers_serial_rivers_small_a, first_ration
D:3:      layout_rooms, uniq_jessica, uniq_crazy_yiuf_cottage
D:4:      layout_loops_ring, kennysheep_mini_moat,
          lemuel_coloured_pillars_altar, temple_doors_e, uniq_pikel
D:5:      layout_loops_cross, nicolae_dithmenos_the_darkroom
D:6:      layout_basic, kennysheep_mini, lemuel_doored_altar,
          fedhas_altar_decomposition, nicolae_ru_awakened_eye
D:7:      layout_basic, fiery_altar_vehumet, serial_shops, kennysheep_little_box
Temple:   chequers_temple_sunken

Skill      XL: |  1  2  3  4  5  6  7  8 |
---------------+-------------------------+-----
Long Blades    | 4 5 6 7 9 |  9.7
Shields        | 1 2 4 5 |  5.9
Dodging        | 3 4 |  4.0
Fighting       | 3 4 |  4.1
Throwing       | |  1.7

Action                   |  1- 3 |  4- 6 |  7- 9 || total
-------------------------+-------+-------+-------++-------
Melee: Long sword        |   118 |   288 |   248 ||   654
       Tailslap          |     9 |    54 |    63 ||   126
Throw: Dart              |       |     2 |       ||     2
 Abil: Breathe Fire      |       |       |     4 ||     4
  Use: Potion            |       |     1 |       ||     1
 Stab: Sleeping          |     3 |       |     3 ||     6
  Eat: Chunk             |     2 |    16 |     5 ||    23
Armor: Skin              |    37 |    80 |    34 ||   151
Dodge: Dodged            |    81 |   195 |    53 ||   329
Block: Buckler           |    11 |    42 |     1 ||    54
       Tower shield      |       |    40 |   153 ||   193
       Rpst.: Long sword |    28 |    59 |    14 ||   101

Table legend:
 A = Non-vault XP
 B = Vault XP
 C = Vault XP percentage of total XP
 D = Non-vault monster count
 E = Vault monster count
 F = Vault count percentage of total count
                 A         B        C        D         E       F
            +---------+---------+-------+---------+---------+-------
      Total |    2501 |     557 |  18.2 |     130 |      10 |   7.1
            +---------+---------+-------+---------+---------+-------
        D:1 |      50 |       0 |   0.0 |      29 |       0 |   0.0
        D:2 |      87 |      15 |  14.7 |      19 |       1 |   5.0
        D:3 |     134 |      37 |  21.6 |      26 |       1 |   3.7
        D:4 |     202 |       0 |   0.0 |      13 |       0 |   0.0
        D:5 |     419 |       0 |   0.0 |      14 |       0 |   0.0
        D:6 |     793 |     505 |  38.9 |      18 |       8 |  30.8
        D:7 |     816 |       0 |   0.0 |      11 |       0 |   0.0
            +---------+---------+-------+---------+---------+-------
